 Dungeon Sprint DCSS version 0.21.2 (webtiles) character file.

108 Fang the Skirmisher (level 4, -4/32 HPs)
             Began as a Gargoyle Berserker on Oct 16, 2018.
             Was a High Priest of Trog.
             Slain by a black bear (6 damage)
             ... in the Dungeon (Sprint VII: "The Pits").
             The game lasted 00:00:47 (458 turns).

Fang the Skirmisher (Gargoyle Berserker)             Turns: 458, Time: 00:00:48

Health: -4/32      AC: 15    Str: 21    XL:     4   Next: 87%
Magic:  4/4        EV:  9    Int:  8    God:    Trog [*****.]
Gold:   0          SH:  0    Dex:  9    Spells: 3/3 levels left

rFire    . . .     SeeInvis .   m - +0 hand axe (freeze)
rCold    . . .     Gourm    .   (no shield)
rNeg     + . .     Faith    .   n - +3 chain mail
rPois    ∞         Spirit   .   (no helmet)
rElec    +         Reflect  .   (no cloak)
rCorr    .         Harm     .   (no gloves)
MR       .....     NoTele   +   (no boots)
Stlth    ..........             (no amulet)
HPRegen  0.10/turn              (no ring)
MPRegen  0.09/turn              (no ring)

@: berserk cooldown, slowed, very slow
A: negative energy resistance 1, electricity resistance, unbreathing,
petrification resistance, rot immunity, AC +3
a: Berserk, Trog's Hand, Brothers in Arms, Burn Spellbooks, Renounce Religion


You were in the Dungeon.
You worshipped Trog.
Trog was extremely pleased with you.
You were not hungry.

You visited 1 branch

Inventory:

Hand Weapons
 j - a +2 hand axe
 m - a +0 hand axe of freezing (weapon)
Armour
 n - a +3 chain mail (worn)
Scrolls
 i - a scroll of blinking
 k - 3 scrolls of remove curse
 l - a scroll of summoning
Potions
 a - 2 potions of invisibility
 d - 6 potions of curing
 e - 6 potions of heal wounds
 f - a potion of haste
 g - 4 potions of magic
 h - 3 potions of berserk rage
Comestibles
 c - 9 rations


   Skills:
 + Level 6.3 Fighting
 + Level 6.2 Axes
 + Level 3.6 Armour
 + Level 3.3 Dodging
 + Level 0.4 Stealth


You had 3 spell levels left.
You didn't know any spells.

Dungeon Overview and Level Annotations

Branches:
Dungeon (1/1)

Altars:
Cheibriados
Dithmenos
Elyvilon
Fedhas
Gozag
Hepliaklqana
Makhleb
Nemelex Xobeh
Okawaru
Qazlal
Ru
Sif Muna
Trog
Vehumet
Wu Jian
Xom
Yredelemnul
Zin
The Shining One
Beogh
Jiyva
Lugonu


Innate Abilities, Weirdness & Mutations

You are resistant to torment.
Your stone body is resilient. (AC +3)
You are immune to poison.
You resist negative energy. (rN+)
You are resistant to electric shocks. (rElec)
You can survive without breathing.
You are immune to petrification.
You are immune to rotting.


Message History

The black bear bites you but does no damage.
The black bear claws you but does no damage.
The black bear closely misses you. The worm bites you but does no damage.
The black bear bites you.
* * * LOW HITPOINT WARNING * * *
The black bear claws you but does no damage.
The black bear barely misses you.
You slash the worm! You freeze the worm.
You kill the worm!
Trog accepts your kill.
Trog will gift you weapons as you gain piety.
You hit the black bear. You freeze the black bear.
The black bear goes berserk!
Unknown command.
You barely miss the worm.
You hit the black bear but do no damage.
The black bear closely misses you. The black bear claws you.
* * * LOW HITPOINT WARNING * * *
The black bear claws you but does no damage.
The black bear bites you.
You die...

#.#...#.#[[##.....
#.#...#÷#).#####'#
#.#...).#))##.....
#.##'####))##.....
#.#..)..#..##.....
#.#..÷..#'###...<.
#.#........##.....
#.#........##.....
#@###########.....
#wh#.#.## ######
#..e....#
##.#.#.## .....
.#.#.# ......# .#
#..+ ## ###


You could see a deep elf mage, a black bear (berserk) and a worm.

Vanquished Creatures
  A wolf (D)
  A worm (D)
  A leopard gecko (D)
  2 orcs (D)
  2 hobgoblins (D)
  7 jackals (D)
  A quokka (D)
  A leopard gecko zombie (D)
  A rat (D)
17 creatures vanquished.

Notes
Turn   | Place    | Note
-------+----------+-------------------------------------------
     0 | D        | Fang the Gargoyle Berserker began the quest for the Orb.
     0 | D        | Reached XP level 1. HP: 14/14 MP: 1/1
    22 | D        | Found a bloodstained altar of Trog.
    22 | D        | Found a deep blue altar of Sif Muna.
    22 | D        | Found a viscous altar of Jiyva.
    22 | D        | Found a hazy altar of Hepliaklqana.
    22 | D        | Found an opulent altar of Gozag.
    23 | D        | Found a glowing golden altar of the Shining One.
    23 | D        | Found a glowing silver altar of Zin.
    23 | D        | Found a basalt altar of Yredelemnul.
    23 | D        | Found a shimmering altar of Xom.
    23 | D        | Found an ornate altar of the Wu Jian Council.
    23 | D        | Found a sacrificial altar of Ru.
    23 | D        | Found a stormy altar of Qazlal.
    23 | D        | Found an iron altar of Okawaru.
    23 | D        | Found a sparkling altar of Nemelex Xobeh.
    23 | D        | Found a burning altar of Makhleb.
    23 | D        | Found a blossoming altar of Fedhas.
    23 | D        | Found a white marble altar of Elyvilon.
    23 | D        | Found a shadowy altar of Dithmenos.
    23 | D        | Found a snail-covered altar of Cheibriados.
    25 | D        | Found a radiant altar of Vehumet.
    25 | D        | Found a corrupted altar of Lugonu.
    25 | D        | Found a roughly hewn altar of Beogh.
    70 | D        | Reached ** piety under Trog
   112 | D        | Reached XP level 2. HP: 18/20 MP: 2/2
   118 | D        | Reached *** piety under Trog
   149 | D        | Reached **** piety under Trog
   439 | D        | Noticed a deep elf mage
   439 | D        | Noticed a wolf
   444 | D        | Killed a wolf
   444 | D        | Reached XP level 3. HP: 21/28 MP: 3/3
   444 | D        | Reached XP level 4. HP: 24/32 MP: 4/4
   446 | D        | Noticed a black bear
   457 | D        | Reached ***** piety under Trog
   458 | D        | Slain by a black bear

Skill      XL: |  1  2 |
---------------+-------+-----
Axes           | 3 6 |  6.2
Fighting       | 4 6 |  6.3
Dodging        | 3 |  3.3
Armour         | 3 |  3.6
Stealth        | |  0.4

Action                   |  1- 3 |  4- 6 || total
-------------------------+-------+-------++-------
Melee: Hand axe          |    53 |     9 ||    62
Invok: Berserk           |     1 |       ||     1
Armor: Animal skin       |    25 |       ||    25
       Chain mail        |     2 |    25 ||    27
Dodge: Dodged            |    42 |    13 ||    55
